 Dungeon Crawl Stone Soup version 0.29.1-2-gbd0b4ee654 (webtiles) character file.

Game seed: 6995039974602282409

25 croobank the Gusty (level 3, 0/30 HPs)
             Began as a Meteoran Wanderer on Nov 28, 2022.
             Slain by an adder (3 damage)
             ... on level 4 of the Dungeon.
             The game lasted 00:04:01 (455 turns).

croobank the Gusty (Meteoran Wanderer)               Turns: 455, Time: 00:04:01

Health: 0/30       AC:  3    Str: 11    XL:     3   Next: 38%
Magic:  7/7        EV: 11    Int: 16    God:
Gold:   43         SH:  0    Dex: 15    Spells: 5/6 levels left

rFire   . . .      SeeInvis .   a - +0 falchion
rCold   . . .      Faith    .   (no shield)
rNeg    . . .      Spirit   .   e - +0 robe
rPois   .          Reflect  .   (no helmet)
rElec   .          Harm     .   (no cloak)
rCorr   .          Rampage  .   (no gloves)
Will    .....                   m - +0 pair of boots
Stlth   +.........              (no amulet)
HPRegen 0.10/turn               (no ring)
MPRegen 0.10/turn               (no ring)

@: lethally poisoned (0 -> -4), about to teleport, glowing
A: sense surroundings 1, otherworldly, glowing, explore regen
a: no special abilities


You were on level 4 of the Dungeon.
You visited 1 branch of the dungeon, and saw 4 of its levels.

You collected 43 gold pieces.

Inventory:

Hand Weapons
 a - a +0 falchion (weapon)
 c - a +0 dagger
 n - a +0 dagger of draining
Missiles
 b - 8 poisoned darts (quivered)
Armour
 e - a +0 robe (worn)
 m - a +0 pair of boots (worn)
Wands
 j - a wand of acid (13)
 k - a wand of flame (15)
Scrolls
 i - a scroll of teleportation
 l - a scroll of immolation {unknown}
Potions
 d - a potion of lignification
 f - 2 potions of degeneration {unknown}
 g - a potion of mutation {unknown}
 h - a potion of berserk rage {unknown}
 o - 2 potions of flight {unknown}


   Skills:
 + Level 2.5 Fighting
 + Level 2.8 Long Blades
 + Level 2.8 Throwing
 + Level 2.0 Spellcasting
 + Level 3.9 Air Magic


You had 5 spell levels left.
You knew the following spells:

 Your Spells              Type           Power      Damage    Failure   Level
a - Shock                 Conj/Air       28%        1d4       10%         1

Your spell library contained the following spells:

 Spells                   Type           Power      Damage    Failure   Level
 Airstrike                Air            7%         2d(1-17)  38%         4
 Ozocubu's Armour         Ice            1%         N/A       52%         3
 Summon Lightning Spire   Summ/Air       7%         N/A       67%         4
 Metabolic Englaciation   Hex/Ice        0%         N/A       99%         5
 Simulacrum               Ice/Necr       0%         N/A       100%        6
 Storm Form               Tmut/Air       3%         N/A       100%        7
 Maxwell's Capacitive Co  Air            7%         ∞         100%        8


Dungeon Overview and Level Annotations

Branches:
Dungeon (4/15) Zot: 1934
 Temple: D:4-7

Altars:


Innate Abilities, Weirdness & Mutations

You passively map a small area around you.
You are easily found by Zot.
You glow in the dark.
You regain HP and MP as you explore.


Message History

The ufetubus hits you. The ufetubus barely misses you.
The hobgoblin attacks as you move away!
The hobgoblin hits you but does no damage.
The hobgoblin attacks as you move away! The hobgoblin hits you.
The ufetubus hits you.
The ufetubus hits you but does no damage.
The ufetubus barely misses you. The ufetubus hits you.
The orc attacks as you move away! The orc hits you with a +0 mace.
The orc attacks as you move away! The orc hits you with a +0 hand axe.
* * * LOW HITPOINT WARNING * * *
Found 2 green potions.
The ufetubus closely misses you. x2
An adder comes into view.
The adder hisses angrily.
Found an escape hatch in the floor.
The ufetubus hits you. x2
The ufetubus attacks as you move away! The ufetubus barely misses you. x2
A kobold comes into view. It is wielding a +0 whip.
The kobold shouts!
A jelly comes into view.
The ufetubus completely misses you.
The ufetubus hits you but does no damage.
You see here 2 green potions.
f - 2 green potions The jelly quivers.
The ufetubus barely misses you.
The ufetubus hits you but does no damage.
The adder completely misses you. The adder bites you.
Okay, then.
Okay, then.
As you read the scroll labelled OPIPEA PECROYNG, it crumbles to dust.
You feel strangely unstable.
It was a scroll of teleportation.
The ufetubus barely misses you. The ufetubus hits you.
* * * LOW HITPOINT WARNING * * *
The adder bites you.
* * * LOW HITPOINT WARNING * * *
You are poisoned.
The adder poisons you!
The adder bites you but does no damage. x2
The ufetubus closely misses you. The ufetubus hits you.
* * * LOW HITPOINT WARNING * * *
The adder bites you.
You die...

, #..............
..>.........#..
#............. ,
#............ , ,
##..........# *, *#
#......o....## ,.##
.....K.SS....# ##..#.#
.....J.@5go..###.....#*
*........S.#..##...#..###
....#.######..#....#...#
###,##* ##.g....#... *
##oo.....####
#.........#.# * *
#..(........# , * ,
#............ ,
................


You could see a jelly, 3 adders, 2 orcs, an ufetubus, a hobgoblin and a kobold.

Vanquished Creatures
  A worm (D:2)
  A dart slug (D:1)
  An orc (D:3)
  2 endoplasms (D:2)
  2 goblins (D:3)
  3 hobgoblins
  4 kobolds
  A quokka (D:3)
  2 rats
17 creatures vanquished.

Notes
Turn   | Place    | Note
-------+----------+-------------------------------------------
     0 | D:1      | croobank the Meteoran Wanderer began the quest for the Orb.
     0 | D:1      | croobank set off with the following items: a +0 falchion, 8
                  | poisoned darts, a +0 dagger, a potion of lignification, a
                  | +0 robe; and the following spell memorised: Shock; and the
                  | following spells available to memorise: Airstrike, Summon
                  | Lightning Spire.
     0 | D:1      | Reached XP level 1. HP: 17/17 MP: 3/3
    48 | D:1      | Reached XP level 2. HP: 15/25 MP: 3/5
   266 | D:3      | Reached XP level 3. HP: 27/30 MP: 6/6
   432 | D:4      | HP: 1/30 [adder (4)]
   455 | D:4      | Slain by an adder

Illustrated notes

Levels and vault maps discovered:
D:1:      shiori_arrival_elements, layout_loops_ring,
          hellmonk_ecumenical_altar_heavens_door, minmay_bisected
D:2:      layout_rooms, minmay_tripent, uniq_terence
D:3:      layout_rooms
D:4:      minmay_chambers_of_twos, layout_cave_pools, makhleb_heckhound_becter,
          pdpol_wu_jian_five_deadly_venoms, biasface_ghost_orc_armoury

Skill      XL: |  1  2  3 |
---------------+----------+-----
Spellcasting   | 2 |  2.0
Fighting       | |  2.5
Long Blades    | |  2.8
Throwing       | |  2.8
Air Magic      | |  3.9

Action                   || total
-------------------------++-------
Melee: Falchion          ||    60
  Use: Scroll            ||     1
       Potion            ||     1
Armor: Robe              ||    32
Dodge: Dodged            ||    65
